Map: Lerilak Crest

Players

Spectre

  • Race: Protoss Protoss
  • League: Master

Wronglllllll - Winner!

  • Race: Zerg Zerg
  • League: Diamond

VOD

Have the link to the VOD?

Description

Time

  • Played on: Jan. 20, 2016, 3:11 a.m.
  • Length: 15:11
Show
View Real Time Build Order
Export as new Build Order

Spectre Protoss 

Build Orders: 1 Gate Expand 

Get SALT Encoding   

  12  0:01  Probe (Chrono Boost)  
  13  0:11  Probe (Chrono Boost)  
  14  0:18  Pylon  
  14  0:22  Probe (Chrono Boost)  
  15  0:36  Probe (Chrono Boost)  
  15  0:38  Gateway  
  16  0:44  Assimilator  
  16  0:47  Probe (Chrono Boost)  
  17  0:58  Probe (Chrono Boost)  
  18  1:08  Probe (Chrono Boost)  
  19  1:26  Nexus  
  19  1:36  Cybernetics Core  
  19  1:39  Probe (Chrono Boost)  
  20  1:52  Forge  
  20  2:06  Pylon  
  20  2:13  Mothership Core (Chrono Boost)  
  22  2:15  Warp Gate  
  22  2:18  Assimilator  
  22  2:25  Photon Cannon  
  22  2:37  Photon Cannon  
  22  2:42  Pylon  
  22  2:49  Adept (Chrono Boost)  
  24  2:56  Probe x2  
  26  3:09  Photon Cannon  
  26  3:11  Probe  
  26  3:12  Probe  
  28  3:21  Photon Cannon  
  28  3:37  Gateway  
  28  3:39  Gateway  
  28  3:42  Probe  
  28  3:45  Sentry (Chrono Boost)  
  31  3:51  Probe  
  32  3:59  Probe (Chrono Boost), Pylon  
  33  4:02  Probe (Chrono Boost)  
  34  4:11  Probe (Chrono Boost)  
  34  4:14  Probe (Chrono Boost)  
  36  4:21  Sentry, Probe (Chrono Boost)  
  38  4:26  Probe (Chrono Boost)  
  38  4:30  Robotics Facility  
  39  4:32  Probe (Chrono Boost)  
  39  4:37  Probe (Chrono Boost)  
  41  4:40  Protoss Ground Weapons Level 1 (Chrono Boost)  
  41  4:42  Probe (Chrono Boost)  
  41  4:43  Assimilator  
  42  4:46  Pylon  
  42  4:47  Probe (Chrono Boost)  
  42  4:48  Assimilator  
  43  4:53  Probe  
  43  4:57  Sentry, Probe  
  47  5:05  Pylon  
  47  5:06  Probe  
  48  5:08  Probe  
  49  5:14  Pylon  
  49  5:17  Gateway  
  49  5:18  Gateway  
  49  5:22  Probe  
  49  5:23  Probe  
  49  5:25  Observer  
  49  5:27  Adept  
  54  5:36  Probe x2  
  56  5:46  Probe  
  56  5:47  Stalker x2  
  56  5:49  Probe  
  62  5:51  Twilight Council  
  62  5:57  Probe  
  62  6:01  Probe, Adept  
  66  6:06  Observer (Chrono Boost)  
  66  6:08  Probe  
  68  6:13  Adept x4  
  76  6:25  Adept  
  78  6:27  Warp Prism (Chrono Boost)  
  71  6:42  Stalker x4  
  79  6:56  Sentry  
  79  6:58  Immortal (Chrono Boost)  
  85  7:02  Pylon  
  85  7:06  Pylon  
  83  7:27  Adept x4  
  83  7:28  Adept  
  69  7:44  Probe  
  69  7:46  Immortal (Chrono Boost)  
  70  7:53  Stalker x2  
  70  7:54  Stalker  
  68  8:04  Pylon  
  61  8:21  Pylon  
  61  8:23  Pylon  
  61  8:25  Stalker x3  
  65  8:33  Probe  
  63  8:35  Probe  
  63  8:41  Immortal (Chrono Boost)  
  67  8:42  Pylon  
  67  8:44  Probe, Pylon  
  67  8:45  Pylon  
  67  8:46  Pylon  
  63  8:49  Pylon  
  63  8:50  Probe  
  63  8:54  Sentry  
  63  8:55  Sentry  
  68  9:02  Resonating Glaives (Chrono Boost)  
  68  9:04  Protoss Ground Weapons Level 2  
  68  9:05  Sentry  
  70  9:19  Photon Cannon  
  70  9:21  Photon Cannon  
  70  9:22  Stalker x4  
  78  9:25  Photon Cannon  
  78  9:29  Sentry  
  68  9:45  Stalker x2  
  68  9:46  Stalker x2  
  68  9:50  Mothership Core (Chrono Boost)  
  68  9:51  Probe (Chrono Boost)  
  69  10:04  Photon Cannon  
  69  10:06  Adept  
  71  10:10  Adept x2  
  67  10:23  Adept x2  
  63  10:30  Probe (Chrono Boost)  
  63  10:32  Immortal (Chrono Boost)  
  63  10:33  Adept x2  
  63  10:34  Adept  
  68  10:46  Photon Cannon  
  68  10:50  Adept  
  68  10:51  Adept  
  68  10:56  Sentry x2  
  68  10:57  Sentry  
  77  11:12  Sentry x2  
  81  11:23  Immortal (Chrono Boost)  
  81  11:25  Adept x3  
  91  11:33  Nexus  
  91  11:40  Adept  
  91  11:46  Pylon  
  93  11:48  Pylon  
  93  11:56  Pylon  
  93  11:58  Pylon  
  93  12:08  Stalker x3  
  89  12:21  Stalker x2  
  83  12:33  Sentry  
  83  12:34  Sentry  
  83  12:35  Sentry  
  89  12:37  Pylon  
  89  12:38  Probe  
  89  12:42  Assimilator  
  90  12:47  Assimilator  
  90  12:58  Adept  
  82  13:10  Adept x2  
  72  13:19  Sentry x2  
  70  13:20  Adept  
  70  13:23  Probe  
  73  13:28  Pylon  
  73  13:34  Immortal (Chrono Boost)  
  77  13:41  Stalker  
  77  13:44  Sentry x3  
  85  13:55  Probe, Pylon  
  86  13:59  Pylon  
  86  14:08  Immortal (Chrono Boost)  
  90  14:17  Pylon  
  90  14:37  Templar Archives  
  90  14:44  Dark Shrine  
  94  14:50  Stalker  
  94  14:52  Stalker  
  98  14:58  Stalker  
  94  15:08  Stalker x2  
Show
View Real Time Build Order
Export as new Build Order

Wronglllllll Zerg - Winner!

Build Orders: 3 Hatch before Pool 

Get SALT Encoding   

  12  0:01  Drone  
  13  0:08  Drone  
  14  0:17  Overlord  
  14  0:23  Extractor  
  14  0:24  Drone  
  15  0:36  Drone  
  15  0:37  Drone  
  17  0:56  Hatchery  
  16  0:57  Drone  
  17  1:06  Drone  
  18  1:14  Drone  
  19  1:25  Drone  
  20  1:33  Hatchery  
  20  1:36  Drone  
  20  1:46  Spawning Pool  
  19  1:49  Drone  
  19  1:53  Drone  
  21  1:58  Extractor  
  20  2:03  Drone  
  21  2:12  Drone x2  
  23  2:23  Drone  
  23  2:24  Overlord  
  24  2:32  Queen  
  24  2:33  Queen  
  28  2:48  Zergling x10  
  28  2:50  Queen  
  35  2:54  Zergling x2  
  35  2:56  Zergling x2  
  37  3:06  Zergling x6  
  37  3:10  Metabolic Boost  
  39  3:19  Drone x2  
  41  3:20  Overlord  
  40  3:27  Drone  
  40  3:28  Drone  
  42  3:42  Overlord  
  42  3:43  Drone x4  
  42  3:47  Extractor  
  45  3:50  Extractor  
  44  3:59  Overlord x2  
  44  4:01  Drone  
  45  4:07  Roach Warren  
  44  4:11  Drone  
  44  4:12  Drone  
  46  4:22  Drone  
  46  4:23  Drone x4  
  51  4:30  Drone x3  
  54  4:42  Drone x2  
  54  4:45  Overlord  
  56  4:47  Hatchery  
  55  4:52  Overlord  
  55  4:55  Roach  
  55  4:58  Roach x2  
  61  5:00  Roach  
  61  5:06  Overlord  
  63  5:08  Roach  
  63  5:10  Roach  
  67  5:15  Roach x2  
  67  5:17  Roach  
  72  5:22  Overlord  
  72  5:34  Zergling x8  
  76  5:39  Roach x4  
  76  5:42  Overlord  
  84  5:47  Ravager x7  
  91  5:53  Overlord  
  91  6:06  Zergling x8  
  91  6:07  Zergling x4  
  91  6:09  Ravager x2  
  100  6:11  Ravager  
  100  6:18  Overlord  
  100  6:19  Zergling x4  
  100  6:20  Zergling x6  
  100  6:23  Ravager  
  94  6:42  Zergling x16  
  94  6:46  Ravager x2  
  103  6:56  Zergling x2  
  103  6:57  Zergling x12  
  109  7:09  Zergling x10  
  103  7:23  Zergling x12  
  94  7:33  Zergling x10  
  90  7:43  Zergling x6  
  79  7:54  Zergling x16  
  81  8:09  Zergling x6  
  81  8:10  Zergling x2  
  77  8:23  Roach x11  
  97  8:34  Zergling x6  
  88  8:40  Zergling x4  
  84  8:45  Zergling x8  
  87  8:54  Drone  
  87  8:55  Drone x6  
  91  8:59  Queen  
  91  9:02  Hatchery  
  92  9:04  Ravager x11  
  103  9:11  Zergling x10  
  108  9:20  Zergling x10  
  108  9:23  Overlord x2  
  113  9:25  Zergling x2  
  106  9:41  Zergling x8  
  106  9:42  Zergling x4  
  109  9:51  Zergling x12  
  102  10:00  Zergling x12  
  97  10:16  Zergling x16  
  80  10:32  Drone x12  
  87  10:37  Lair  
  87  10:42  Drone  
  83  10:43  Drone x2  
  83  10:47  Extractor x2  
  79  10:51  Roach  
  79  10:52  Roach x4  
  88  10:57  Evolution Chamber  
  87  11:10  Roach x9  
  87  11:11  Roach  
  107  11:15  Extractor  
  106  11:24  Overlord x2  
  106  11:26  Roach x6  
  106  11:32  Ravager x9  
  127  11:39  Zerg Missile Weapons Level 1  
  127  11:52  Zergling x22  
  134  11:55  Ravager x2  
  134  11:56  Ravager  
  137  12:05  Zergling x2  
  137  12:06  Zergling x14  
  136  12:10  Ravager x4  
  132  12:22  Zergling x22  
  139  12:27  Hydralisk Den  
  137  12:41  Spire, Zergling x10  
  127  13:02  Zergling x22  
  119  13:30  Ravager x4  
  123  13:39  Hatchery  
  122  13:55  Mutalisk  
  122  13:56  Mutalisk x9  
  142  14:12  Mutalisk x2  
  146  14:25  Zergling x24  
  146  14:26  Zergling x2  
Tags
 
Add a new tag
Caveats
  • Supply blocks, unpowered buildings, or Contaminate may cause inaccurate times.
  • Supply counts are checked every 10 seconds.